 Dungeon Crawl Stone Soup version 0.19.1-1-g22dce08 (webtiles) character file.

30 Jynx the Firebug (level 3, -5/19 HPs)
             Began as a Deep Elf Fire Elementalist on Jan 7, 2017.
             Slain by an iron imp (11 damage)
             ... summoned by Natasha
             ... on level 2 of the Dungeon.
             The game lasted 00:01:57 (1147 turns).

Jynx the Firebug (Deep Elf Fire Elementalist)       Turns: 1147, Time: 00:01:58

Health: -5/19      AC:  2    Str:  5    XL:     3   Next: 5%
Magic:  2/9        EV: 13    Int: 20    God:
Gold:   41         SH:  0    Dex: 15    Spells: 2 memorised, 4 levels left

rFire  . . .     SeeInvis .     m - +2 dagger (venom)
rCold  . . .     Gourm    .     a - +0 robe
rNeg   . . .     Faith    .     (no shield)
rPois  .         Spirit   .     (no helmet)
rElec  .         Reflect  .     (no cloak)
rCorr  .         Harm     .     (no gloves)
MR     .....                    (no boots)
Stlth  ++........               (no amulet)
                                (no ring)
                                (no ring)

@: very slightly contaminated, slowed, very slow
A: no striking features
a: no special abilities


You were on level 2 of the Dungeon.
You were not hungry.

You visited 1 branch of the dungeon, and saw 2 of its levels.

You collected 41 gold pieces.

Inventory:

Hand Weapons
 m - a +2 dagger of venom (weapon)
Armour
 a - a +0 robe (worn)
Scrolls
 e - 3 scrolls of remove curse {unknown}
 i - a scroll of amnesia {unknown}
 k - a scroll of identify {unknown}
Potions
 d - a potion of flight {unknown}
 f - a potion of curing {unknown}
 h - a potion of cancellation {unknown}
 l - 2 potions of heal wounds {unknown}
 n - a potion of brilliance {unknown}
 p - a potion of lignification {unknown}
 q - a potion of might {unknown}
Books
 b - a book of Flames

   Spells                             Type                      Level
   a - Flame Tongue                   Conjuration/Fire             1
   b - Throw Flame                    Conjuration/Fire             2
   c - Conjure Flame                  Conjuration/Fire             3
   d - Inner Flame                    Hexes/Fire                   3
   e - Sticky Flame                   Conjuration/Fire             4
   f - Fireball                       Conjuration/Fire             5
Comestibles
 c - a bread ration
 g - a meat ration
 j - 2 fruits
 o - a chunk of flesh
 r - a royal jelly


   Skills:
 + Level 0.1 Fighting
 + Level 2.7 Dodging
 + Level 2.6 Stealth
 + Level 3.3 Spellcasting
 + Level 1.2 Conjurations
 + Level 4.1 Fire Magic


You had 4 spell levels left.
You knew the following spells:

 Your Spells              Type           Power        Failure   Level  Hunger
a - Flame Tongue          Conj/Fire      ##...        4%          1    None
b - Conjure Flame         Conj/Fire      ##......     14%         3    ###....


Dungeon Overview and Level Annotations

Branches:
Dungeon (2/15)

Altars:

Annotations:
D:2 Natasha


Message History

You are very lightly contaminated with residual magic.
You are momentarily dazzled by a flash of light!
The iron imp misses you.
Natasha casts a spell.
Casting: Flame Tongue
Confirm with . or Enter, or press ? or * to list all spells.
Aiming: Flame Tongue
Press: ? - help, Shift-Dir - straight line, f/p - Natasha
Aim: Natasha (lightly wounded)
The flame tongue hits the iron imp.
The iron imp appears unharmed.
The iron imp hits you.
Casting: Flame Tongue
Confirm with . or Enter, or press ? or * to list all spells.
Aiming: Flame Tongue
Press: ? - help, Shift-Dir - straight line, f/p - Natasha
Aim: Natasha (lightly wounded)
The flame tongue hits the iron imp.
The iron imp completely resists.
The iron imp hits you!
Ouch! That really hurt!
You die...

####### #.....#
#.)#..# #.###.#
#..#..####.###.
#......<.......
######.##.###.....
#5h5@...#.# .##
#†####.).....
........ ##...##.#
#....... .......
#..### ...


You could see an iron imp, Natasha and a shadow imp.

Vanquished Creatures
  A leopard gecko (D:1)
  3 bats (D:1)
  A giant cockroach (D:1)
  4 goblins (D:1)
  2 hobgoblins
  5 jackals (D:1)
  4 kobolds (D:1)
  3 frilled lizards (D:1)
  2 rats (D:1)
25 creatures vanquished.

Notes
Turn   | Place    | Note
-------+----------+-------------------------------------------
     0 | D:1      | Jynx the Deep Elf Fire Elementalist began the quest for the Orb.
     0 | D:1      | Reached XP level 1. HP: 10/10 MP: 6/6
   332 | D:1      | Reached XP level 2. HP: 15/15 MP: 5/8
   713 | D:1      | Reached skill level 4 in Fire Magic
  1088 | D:1      | Reached XP level 3. HP: 19/19 MP: 5/9
  1093 | D:1      | Learned a level 3 spell: Conjure Flame
  1137 | D:2      | Noticed Natasha
  1147 | D:2      | Slain by an iron imp

Skill      XL: |  1  2 |
---------------+-------+-----
Fire Magic     | 4 |  4.1
Fighting       | |  0.1
Dodging        | |  2.7
Stealth        | |  2.6
Spellcasting   | |  3.3
Conjurations   | |  1.2

Action                   || total
-------------------------++-------
 Cast: Flame Tongue      ||    52
  Eat: Chunk             ||     1
Armor: Robe              ||     4
Dodge: Dodged            ||    15
